 Dungeon Crawl Stone Soup version 0.22.1-1-ga44c0e5 (webtiles) character file.

893 Stepladder the Nimble (level 8, -8/61 HPs)
             Began as a Merfolk Gladiator on Oct 4, 2018.
             Was a Follower of Makhleb.
             Mangled by an orc warrior
             ... wielding a +0 halberd
              (12 damage)
             ... on level 6 of the Dungeon.
             The game lasted 00:19:48 (5748 turns).

Stepladder the Nimble (Merfolk Gladiator)           Turns: 5748, Time: 00:19:48

Health: -8/61      AC:  9    Str: 15    XL:     8   Next: 6%
Magic:  8/8        EV: 16    Int:  8    God:    Makhleb [*.....]
Gold:   446        SH:  0    Dex: 16    Spells: 7/7 levels left

rFire    . . .     SeeInvis .   a - +0 long sword
rCold    . . .     Gourm    .   (no shield)
rNeg     . . .     Faith    .   E - +0 ring mail
rPois    .         Spirit   .   c - +0 helmet
rElec    .         Reflect  .   z - +1 cloak
rCorr    .         Harm     .   (no gloves)
MR       .....                  y - +0 pair of boots
Stlth    ++........             (no amulet)
HPRegen  0.20/turn              (no ring)
MPRegen  0.11/turn              (no ring)

@: no status effects
A: change form in water, swift swim, stealthy swim
a: Renounce Religion


You were on level 6 of the Dungeon.
You worshipped Makhleb.
Makhleb was aware of your devotion.
You were very hungry.

You visited 1 branch of the dungeon, and saw 6 of its levels.

You collected 446 gold pieces.

Inventory:

Hand Weapons
 a - a +0 long sword (weapon)
 m - a +1 dagger of venom
 s - a +0 hunting sling
Missiles
 d - a throwing net (quivered)
 l - 62 sling bullets
 o - 137 stones
 A - 3 tomahawks of returning
 C - 13 tomahawks
 G - 11 poisoned needles
Armour
 c - a +0 helmet (worn)
 y - a +0 pair of boots (worn)
 z - a +1 cloak (worn)
 E - a +0 ring mail (worn)
Wands
 t - a wand of flame (12)
 I - a wand of paralysis (11)
Scrolls
 e - 2 scrolls of teleportation
 g - a scroll of blinking
 p - 3 scrolls of remove curse
 r - a scroll of enchant weapon {unknown}
 w - 4 scrolls of identify
 x - a scroll of amnesia {unknown}
 B - a scroll of fear {unknown}
 H - a scroll of noise {unknown}
Potions
 b - 3 potions of flight {unknown}
 h - a potion of curing
 i - 2 potions of cancellation
 j - 3 potions of lignification
 n - a potion of ambrosia {unknown}
 q - 2 potions of invisibility
 u - a potion of haste
 v - a potion of might
 D - a potion of mutation {unknown}
Comestibles
 f - 13 rations


   Skills:
 + Level 4.8 Fighting
 + Level 5.4 Long Blades
 - Level 2.0 Throwing
 + Level 1.3 Armour
 * Level 8.4 Dodging
 - Level 3.0 Stealth
 + Level 1.0 Invocations


You had 7 spell levels left.
You didn't know any spells.
Your spell library was empty.

Dungeon Overview and Level Annotations

Branches:
Dungeon (6/15)             Temple (0/1) D:5

Altars:
Gozag
Makhleb

Shops:
D:3 *


Message History

The orc warrior is almost dead.
The orc warrior hits you with a halberd!!
* * * LOW HITPOINT WARNING * * *
You hit the orc warrior but do no damage.
The orc warrior is severely wounded.
The orc warrior closely misses you.
You hit the orc warrior.
The orc warrior is almost dead.
The orc warrior barely misses you.
You riposte.
You closely miss the orc warrior.
The orc warrior is almost dead.
You hit the orc warrior.
The orc warrior is almost dead.
The orc warrior hits you with a halberd!
* * * LOW HITPOINT WARNING * * *
Okay, then.
You barely miss the orc warrior.
The orc warrior is almost dead.
The orc warrior hits you with a halberd!
You die...

.. ..# .#....
##..... ......
##...... ......
...... .##......
......#.....#.(.
#(...%.#.....(..
........)......
#...@o......
#.#.<).......
#.#........
###........
#......#.
.....#.#
.......#
#...##.# ##.. #.


You could see an orc warrior.

Vanquished Creatures
  Duvessa (D:4)
  An ice beast (D:5)
  A bullfrog (D:4)
  Dowan (D:4)
  2 scorpions (D:5)
  2 crimson imps (D:5)
  5 orc wizards
  Terence (D:2)
  2 worker ants
  A hound zombie (D:5)
  2 hound skeletons (D:4)
  4 adders
  A shadow imp (D:5)
  An ooze (D:1)
  2 adder skeletons
  A worm (D:3)
  2 dart slugs
  6 leopard geckos
  18 orcs
  2 giant cockroaches
  7 goblins
  6 hobgoblins
  11 jackals
  2 quokkas (D:5)
  4 ball pythons
  12 bats
  2 frilled lizards
  5 kobolds
  4 rats
109 creatures vanquished.

Notes
Turn   | Place    | Note
-------+----------+-------------------------------------------
     0 | D:1      | Stepladder the Merfolk Gladiator began the quest for the
                  | Orb.
     0 | D:1      | Reached XP level 1. HP: 16/16 MP: 1/1
    61 | D:1      | Reached XP level 2. HP: 23/23 MP: 2/2
   751 | D:1      | Reached XP level 3. HP: 20/28 MP: 3/3
   989 | D:1      | Reached skill level 5 in Dodging
  1522 | D:2      | Noticed Terence
  1535 | D:2      | Killed Terence
  1535 | D:2      | Reached XP level 4. HP: 16/35 MP: 4/4
  2329 | D:3      | Found a burning altar of Makhleb.
  2335 | D:3      | Became a worshipper of Makhleb the Destroyer
  2351 | D:3      | Reached skill level 1 in Stealth
  2455 | D:3      | Found an opulent altar of Gozag.
  2469 | D:3      | Found Gozag's Platinum Reserve.
  2841 | D:4      | Reached XP level 5. HP: 40/41 MP: 5/5
  2991 | D:4      | Reached skill level 6 in Dodging
  3099 | D:4      | Reached XP level 6. HP: 36/48 MP: 6/6
  3149 | D:4      | Noticed an ice beast
  3754 | D:5      | Entered Level 5 of the Dungeon
  3898 | D:5      | Noticed Dowan
  3899 | D:5      | Noticed Duvessa
  3965 | D:4      | Killed Duvessa
  3965 | D:4      | Reached * piety under Makhleb
  3965 | D:4      | Reached skill level 7 in Dodging
  3965 | D:4      | Reached XP level 7. HP: 23/54 MP: 7/7
  4227 | D:4      | Killed Dowan
  4651 | D:5      | Reached skill level 5 in Long Blades
  4803 | D:5      | Found a staircase to the Ecumenical Temple.
  4984 | D:5      | Reached skill level 1 in Armour
  4984 | D:5      | Reached skill level 8 in Dodging
  5464 | D:5      | Reached XP level 8. HP: 61/61 MP: 8/8
  5743 | D:6      | Reached skill level 1 in Invocations
  5748 | D:6      | Mangled by an orc warrior

Skill      XL: |  1  2  3  4  5  6  7  8 |
---------------+-------------------------+-----
Dodging        | 5 6 7 8 |  8.4
Fighting       | 3 4 |  4.8
Long Blades    | 4 5 |  5.4
Stealth        | 1 2 3 |  3.0
Armour         | 1 |  1.3
Invocations    | 1 |  1.0
Throwing       | |  2.0

Action                   |  1- 3 |  4- 6 |  7- 9 || total
-------------------------+-------+-------+-------++-------
Melee: Long sword        |    83 |    36 |   108 ||   227
       Dagger            |    17 |   104 |    59 ||   180
Throw: Javelin           |       |     4 |     6 ||    10
       Tomahawk          |       |     2 |       ||     2
       Throwing net      |       |       |     2 ||     2
  Use: Scroll            |     1 |     7 |     1 ||     9
 Stab: Sleeping          |     1 |     1 |       ||     2
       Distracted        |       |     1 |       ||     1
  Eat: Chunk             |     2 |     6 |     3 ||    11
       Ration            |       |     1 |       ||     1
Armor: Leather armour    |    60 |    24 |       ||    84
       Ring mail         |       |    20 |    51 ||    71
Dodge: Dodged            |   115 |   124 |   116 ||   355
       Rpst.: Long sword |    37 |     8 |    26 ||    71
